 Dungeon Crawl Stone Soup version 0.29.0-4-gdea44cf6ec (webtiles) character file.

Game seed: 2720650515923967318

384 112233 the Caller (level 6, -4/24 HPs)
             Began as a Felid Summoner on Aug 27, 2022.
             Shot with an arrow by a centaur (14 damage)
             ... on level 5 of the Dungeon.
             The game lasted 00:07:38 (6246 turns).

112233 the Caller (Felid Summoner)                  Turns: 6246, Time: 00:07:39

Health: -4/24      AC:  2    Str:  4    XL:     6   Next: 47%
Magic:  7/12       EV: 20    Int: 18    God:
Gold:   167        SH:  0    Dex: 17    Spells: 3/12 levels left
                                        Lives:  0   Deaths: 1

rFire   . . .      SeeInvis +   (weapon unavailable)
rCold   . . .      Faith    .   (shield unavailable)
rNeg    . . .      Spirit   .   (body armour unavailable)
rPois   .          Reflect  .   (helmet unavailable)
rElec   .          Harm     .   (cloak unavailable)
rCorr   .          Rampage  .   (gloves unavailable)
Will    .....                   (boots unavailable)
Stlth   ++........              (no amulet)
HPRegen 0.08/turn               (no ring)
MPRegen 0.13/turn               (no ring)

@: quick
A: very small, claws 1, fangs 3, see invisible, speed 1, shaggy fur 2, stealthy
paws, no weapons or thrown items, no armour, multi-lived
a: no special abilities


You were on level 5 of the Dungeon.
You visited 1 branch of the dungeon, and saw 5 of its levels.

You collected 167 gold pieces.

Inventory:

Jewellery
 g - a +4 ring of slaying
Wands
 q - a wand of polymorph (11)
Scrolls
 b - a scroll of silence {unknown}
 d - 6 scrolls of identify {unknown}
 f - a scroll of butterflies {unknown}
 i - a scroll of amnesia {unknown}
 j - a scroll of acquirement {unknown}
 k - a scroll of enchant armour {unknown}
 n - a scroll of torment {unknown}
 o - a scroll of teleportation {unknown}
 r - a scroll of noise {unknown}
Potions
 a - 2 potions of magic
 c - a potion of curing
 e - a potion of cancellation {unknown}
 h - a potion of flight {unknown}
 l - a potion of degeneration {unknown}
 m - a potion of brilliance {unknown}
 p - a potion of heal wounds {unknown}


   Skills:
 + Level 5.4 Dodging
 - Level 2.9 Stealth
 + Level 3.8 Spellcasting
 + Level 7.0 Summonings


You had 3 spell levels left.
You knew the following spells:

 Your Spells              Type           Power      Damage    Failure   Level
a - Summon Small Mammal   Summ           100%       N/A       1%          1
b - Call Imp              Summ           28%        N/A       1%          2
c - Call Canine Familiar  Summ           28%        N/A       2%          3
d - Summon Guardian Gole  Hex/Summ       16%        N/A       11%         3

Your spell library contained the following spells:

 Spells                   Type           Power      Damage    Failure   Level
 Freeze                   Ice            12%        1d4       16%         1
 Sublimation of Blood     Necr           3%         N/A       22%         2
 Frozen Ramparts          Ice            6%         1d1       41%         3
 Summon Lightning Spire   Summ/Air       16%        N/A       34%         4
 Hailstorm                Conj/Ice       3%         3d3       83%         4
 Petrify                  Tmut/Erth      3%         N/A       83%         4
 Irradiate                Conj/Tmut      1%         3d12      99%         5


Dungeon Overview and Level Annotations

Branches:
Dungeon (5/15)
 Temple: D:4-7

Altars:

Shops:
D:3 *

Annotations:
D:3 1 runed translucent door, Crazy Yiuf


Innate Abilities, Weirdness & Mutations

You have sharp claws.
You have razor-sharp teeth.
You have supernaturally acute eyesight. (SInv)
You cover ground quickly. (Speed+)
You are covered in thick fur. (AC +2)
Your paws help you pounce on unaware monsters.
You are incapable of wielding weapons or throwing items.
You cannot wear armour.
You gain extra lives every three experience levels.


Message History

(D) Dungeon
Where to? (Enter - D:5, ? - help)
There is a stone staircase leading down here.
You climb downwards.
There is a stone staircase leading up here.
Unknown command.
You open the door.
Found a stone staircase leading down.
There is an open door here.
The centaur shouts!
You see here a viscous black potion.
Casting: Summon Small Mammal (safe; 1% risk of failure)
Confirm with . or Enter, or press ? or * to list all spells.
The centaur shoots an arrow.
The arrow hits your hound!
The centaur shoots an arrow.
The arrow hits your hound.
Your hound dies!
Your hound's corpse disappears in a puff of smoke!
The centaur shoots an arrow.
The arrow closely misses you.
Casting: Call Canine Familiar (dangerous; 2% risk of failure)
Confirm with . or Enter, or press ? or * to list all spells.
The centaur shoots an arrow.
The arrow hits you.
You hear a shout!
The centaur shoots an arrow.
The arrow hits you!
A centaur comes into view.
Unknown command.
The centaur shoots an arrow.
The arrow hits you!
* * * LOW HITPOINT WARNING * * *
The centaur wields a +0 shortbow.
The centaur shoots an arrow.
The arrow barely misses you.
The centaur shoots an arrow.
The arrow barely misses your hound. The arrow misses you.
You feel better.
The centaur shoots an arrow.
The arrow misses you.
The centaur shoots an arrow.
The arrow hits your hound!
Your hound bites the centaur but does no damage.
Unknown command.
The centaur shoots an arrow.
The arrow completely misses your hound. The arrow closely misses you.
Your hound bites the centaur but does no damage.
The centaur shoots an arrow.
The arrow hits you!
Ouch! That really hurt!
You die...

#....<.##c.# ...#
#..##..##h.##c...
#..######.....>..
#......#.........
#......#.........
#..##..##!.......
#..###+##..##....
#......##..##....
#..##<.'@........
#####..##..###+##
#..##..# #......+
#..###+# #..#
#... #>..


You could see a centaur and a friendly hound (summoned).

Vanquished Creatures
  A scorpion (D:4)
  2 adders
  2 bats
  An endoplasm (D:2)
  A goblin (D:1)
  A hobgoblin (D:2)
  A ball python (D:4)
  A rat (D:2)
10 creatures vanquished.

Vanquished Creatures (collateral kills)
  An ogre (D:4)
  A scorpion (D:4)
  2 hounds (D:4)
  An iguana (D:4)
  Natasha (thrice) (D:3)
  Robin (D:2)
  3 gnolls (D:3)
  6 adders
  A river rat (D:3)
  6 worms
  2 dart slugs
  9 orcs
  5 ball pythons
  2 bats
  3 endoplasms
  3 giant cockroaches
  8 goblins (D:2)
  7 hobgoblins
  6 kobolds
  3 quokkas
  4 rats
77 creatures vanquished.

Vanquished Creatures (others)
  5 plants (D:2)
5 creatures vanquished.

Grand Total: 92 creatures vanquished

Notes
Turn   | Place    | Note
-------+----------+-------------------------------------------
     0 | D:1      | 112233 the Felid Summoner began the quest for the Orb.
     0 | D:1      | Reached XP level 1. HP: 7/7 MP: 4/4
     6 | D:1      | Noticed a swamp worm
     6 | D:1      | Noticed a redback
     6 | D:1      | Noticed a komodo dragon
     7 | D:1      | Noticed a polar bear
     7 | D:1      | Noticed an anaconda
   108 | D:1      | You fall into a shaft and drop 1 floor!
   607 | D:2      | Reached XP level 2. HP: 11/11 MP: 3/6
   610 | D:2      | Learned a level 2 spell: Call Imp
  2067 | D:2      | Reached XP level 3. HP: 14/14 MP: 4/7
  2071 | D:2      | Learned a level 3 spell: Call Canine Familiar
  2118 | D:2      | Noticed Robin
  2288 | D:2      | Reached skill level 5 in Summonings
  2473 | D:2      | Killed Robin
  2637 | D:2      | Reached XP level 4. HP: 14/18 MP: 4/8
  2867 | D:2      | Found a faded altar of an unknown god.
  3369 | D:3      | Reached skill level 6 in Summonings
  3400 | D:3      | Found Wutorchie's General Store.
  3671 | D:3      | Reached XP level 5. HP: 21/21 MP: 5/9
  4553 | D:3      | Found a runed translucent door.
  4553 | D:3      | Noticed Natasha
  4568 | D:3      | Killed Natasha
  4601 | D:3      | Noticed Crazy Yiuf
  4666 | D:3      | Noticed Natasha
  4679 | D:3      | Killed Natasha
  4764 | D:3      | Noticed Natasha
  4773 | D:3      | Killed Natasha
  4774 | D:3      | Gained mutation: You are covered in thick fur. (AC +2)
                  | [Felid growth]
  4774 | D:3      | Reached XP level 6. HP: 2/24 MP: 7/11
  5238 | D:4      | Learned a level 3 spell: Summon Guardian Golem
  5522 | D:4      | Mangled by an ogre
  5523 | D:4      | Reached XP level 5. HP: -7/21 MP: 5/11
  5523 | D:4      | Reached skill level 5 in Dodging
  5523 | D:4      | Reached XP level 6. HP: 24/24 MP: 12/12
  5933 | D:4      | Reached skill level 7 in Summonings
  6200 | D:5      | Entered Level 5 of the Dungeon
  6246 | D:5      | Shot with an arrow by a centaur

Illustrated notes

Levels and vault maps discovered:
D:1:      onia_arrival_zoo_common, layout_loops_ring, minivault_14,
          supply_closet_lemuel
D:2:      layout_loops_ring, shapermc_ecumenical_altar_hornbeckon,
          nicolae_kite_square_tiling_tiny, chequers_big_river, minmay_cut_off,
          uniq_robin
D:3:      layout_loops_ring, serial_shops, shop, lightli_sewer_entry_pipes,
          uniq_crazy_yiuf_cottage, uniq_natasha
D:4:      layout_cave_pools, wad_orctagon
D:5:      layout_gridville, elyvilon_altar_3, serial_shops,
          nicolae_shop_statue_plus, lemuel_old_faithful

Skill      XL: |  1  2  3  4  5  6 |
---------------+-------------------+-----
Summonings     | 5 6 7 |  7.0
Dodging        | 3 5 |  5.4
Spellcasting   | 3 |  3.8
Stealth        | |  2.9

Action                   |  1- 3 |  4- 6 || total
-------------------------+-------+-------++-------
Melee: Unarmed           |     8 |    19 ||    27
       Bite              |       |     2 ||     2
 Cast: Summon Small Mamm |    45 |    29 ||    74
       Call Imp          |    14 |    30 ||    44
       Call Canine Famil |     1 |    20 ||    21
       Summon Guardian G |       |     4 ||     4
  Use: Potion            |     1 |     2 ||     3
 Stab: Sleeping          |     1 |     1 ||     2
       Distracted        |       |     1 ||     1
Armor: Skin              |     3 |     4 ||     7
Dodge: Dodged            |    26 |    47 ||    73
